 Dungeon Crawl Stone Soup version 0.29-a0-330-g52719c12eb (webtiles) character file.

Game seed: 13077170775119809533

2422 kae the Firebug (level 9, -1/62 HPs)
             Began as a Demigod Fire Elementalist on Apr 27, 2022.
             Slain by an orc
             ... wielding a +0 mace
              (5 damage)
             ... on level 6 of the Dungeon.
             The game lasted 00:07:15 (7878 turns).

kae the Firebug (Demigod Fire Elementalist)         Turns: 7878, Time: 00:07:16

Health: -1/62      AC:  4    Str:  9    XL:     9   Next: 4%
Magic:  18/22      EV: 12    Int: 29    God:
Gold:   280        SH:  0    Dex: 10    Spells: 7/20 levels left

rFire   + . .      SeeInvis +   g - +2 dagger (holy)
rCold   x . .      Faith    .   (no shield)
rNeg    . . .      Spirit   .   a - +0 robe
rPois   +          Reflect  .   h - +1 helmet
rElec   .          Harm     .   (no cloak)
rCorr   .          Rampage  .   (no gloves)
Will    .....                   (no boots)
Stlth   +.........              (no amulet)
HPRegen 0.20/turn               r - ring of Watoofett {Fly rPois Dex-4 SInv}
MPRegen 0.18/turn               p - ring of fire

@: mighty, silenced, marked, flying
A: high MP 1, forlorn, divine attributes
a: no special abilities


You were on level 6 of the Dungeon.
You visited 1 branch of the dungeon, and saw 6 of its levels.

You collected 280 gold pieces.

Inventory:

Hand Weapons
 c - a +0 dagger of venom
 g - a +2 dagger of holy wrath (weapon)
 z - a +2 scimitar of freezing
Armour
 a - a +0 robe (worn)
 h - a +1 helmet (worn)
Jewellery
 k - a +4 ring of evasion
 p - a ring of fire (right hand)
 r - the ring of Watoofett (left hand) {Fly rPois Dex-4 SInv}
   (You found it on level 3 of the Dungeon)

   [ring of see invisible]

   Dex:       It affects your dexterity (-4).
   rPois:     It protects you from poison.
   SInv:      It lets you see invisible.
   Fly:       It grants you flight.
 x - a ring of willpower
Wands
 m - a wand of flame (25)
 y - a wand of acid (7)
 B - a wand of charming (12)
Scrolls
 f - a scroll of enchant weapon
 n - 2 scrolls of teleportation
 o - a scroll of magic mapping
 s - a scroll of vulnerability
 t - a scroll of brand weapon
 v - 2 scrolls of enchant armour
 D - a scroll of amnesia
 F - a scroll of identify
Potions
 b - 3 potions of magic
 e - a potion of attraction
 i - 3 potions of lignification
 j - 4 potions of degeneration
 l - a potion of brilliance
 q - a potion of heal wounds
 w - a potion of mutation {unknown}
 A - a potion of flight {unknown}
 C - a potion of haste {unknown}


   Skills:
 - Level 1.7 Dodging
 - Level 1.7 Stealth
 + Level 6.2 Spellcasting
 + Level 6.6 Conjurations
 + Level 7.1 Fire Magic


You had 7 spell levels left.
You knew the following spells:

 Your Spells              Type           Power      Damage    Failure   Level
a - Foxfire               Conj/Fire      100%       2x1d9     1%          1
b - Scorch                Fire           100%       2d10      1%          2
c - Conjure Flame         Conj/Fire      65%        6-21      1%          3
d - Inner Flame           Hex/Fire       44%        N/A       3%          3
e - Flame Wave            Conj/Fire      65%        2d12      3%          4

Your spell library contained the following spells:

 Spells                   Type           Power      Damage    Failure   Level
 Beastly Appendage        Tmut           18%        N/A       5%          1
 Wereblood                Tmut           9%         N/A       9%          2
 Gell's Gravitas          Tloc           9%         N/A       17%         3
 Lesser Beckoning         Tloc           9%         N/A       17%         3
 Spider Form              Tmut/Pois      9%         N/A       17%         3
 Teleport Other           Tloc           9%         N/A       17%         3


Dungeon Overview and Level Annotations

Branches:
Dungeon (6/15)             Temple (0/1) D:5

Shops:
D:1 [   D:4 =

Annotations:
D:3 Natasha
D:6 Maggie, Prince Ribbit


Innate Abilities, Weirdness & Mutations

You have an increased reservoir of magic. (+10% MP)
You shall have no god before yourself.
Your divine heritage dramatically boosts your attributes as you level up.


Message History

* * * LOW HITPOINT WARNING * * *
x2 Maggie mumbles some strange words.
Maggie draws you further into her thrall.
Okay, then.
You feel better.
The centaur shoots an arrow.
The arrow closely misses you.
The centaur shoots an arrow.
The arrow barely misses you.
Okay, then.
As you read the scroll labelled HUCUHI DIEH, it crumbles to dust.
A profound silence engulfs you.
You break out of your daze!
It was a scroll of silence.
The centaur shoots an arrow.
The arrow hits you.
* * * LOW HITPOINT WARNING * * *
x2 You feel better.
Maggie is no longer more vulnerable to fire.
The centaur shoots an arrow.
The arrow barely misses you.
Prince Ribbit comes into view.
It was a potion of heal wounds.
You feel much better.
The centaur unwields a +2 vorpal shortbow.
The centaur hits you. The centaur barely misses you.
You hit the centaur.
The centaur is moderately wounded.
The centaur hits you. The centaur closely misses you. The centaur hits you.
The centaur misses you.
An orc comes into view. It is wielding a +0 mace.
The centaur wields a +2 vorpal shortbow.
The centaur shoots an arrow.
The arrow hits you!
* * * LOW HITPOINT WARNING * * *
x2 You barely miss the orc.
The centaur shoots an arrow.
The arrow hits you!
* * * LOW HITPOINT WARNING * * *
x2 An orc priest comes into view. It is wielding a +0 mace.
The orc hits you but does no damage.
Okay, then.
Magic scrolls do not work when you're silenced!
It was a potion of might.
You feel very mighty all of a sudden.
The centaur unwields a +2 vorpal shortbow.
The centaur hits you.
* * * LOW HITPOINT WARNING * * *
The centaur closely misses you. The orc hits you with a +0 mace.
You die...

#....####..... #.####
#..... #.# #.####
#.#######.## #
#.#........# #
########.#.......#.##
#...o....#.......##.#
#.##o##.##.......###.
##@##.##.......##.#
#.c##.##...........
#.###<##........###
#@# #.######....###
.F. ..# #.##.##. ....
.## #.##.##. .##.##
........ #. #..
..####'## # ###
..###.....


You could see Maggie, Prince Ribbit, a centaur, an orc priest and an orc.

Vanquished Creatures
  Pikel (D:5)
  2 black bears
  2 ogres
  A lemure (D:5)
  2 phantoms
  Blork the orc (D:6)
  3 bullfrogs
  2 necrophages (D:6)
  4 scorpions
  4 killer bees (D:6)
  3 hounds
  3 jellies
  An orc priest (D:6)
  Jessica (D:2)
  Ijyb (D:4)
  Natasha (D:3)
  An orc wizard (D:5)
  3 iguanas
  Robin (D:4)
  9 adders
  5 gnolls (D:3)
  A white imp (D:6)
  An ufetubus (D:6)
  A worm (D:3)
  2 dart slugs
  13 orcs
  6 ball pythons
  12 endoplasms
  A giant cockroach (D:4)
  25 goblins
  10 hobgoblins
  8 kobolds
  2 quokkas
  5 bats
  3 frilled lizards
  5 rats
146 creatures vanquished.

Vanquished Creatures (collateral kills)
  A foxfire (D:5)
1 creature vanquished.

Vanquished Creatures (others)
  461 foxfires
461 creatures vanquished.

Grand Total: 608 creatures vanquished

Notes
Turn   | Place    | Note
-------+----------+-------------------------------------------
     0 | D:1      | kae the Demigod Fire Elementalist began the quest for the
                  | Orb.
     0 | D:1      | Reached XP level 1. HP: 14/14 MP: 5/5
    41 | D:1      | Reached skill level 1 in Conjurations
   203 | D:1      | Reached XP level 2. HP: 14/20 MP: 4/7
   221 | D:1      | Reached skill level 3 in Fire Magic
   798 | D:1      | Found Risoi's Armour Shoppe.
   859 | D:1      | You fall into a shaft and drop 1 floor!
   900 | D:2      | Learned a level 2 spell: Scorch
   909 | D:2      | Reached XP level 3. HP: 26/26 MP: 0/9
  2456 | D:2      | Reached XP level 4. HP: 33/33 MP: 7/10
  2508 | D:2      | Noticed Jessica
  2515 | D:2      | Killed Jessica
  3051 | D:3      | Noticed Natasha
  3054 | D:3      | Killed Natasha
  3370 | D:3      | Reached XP level 5. HP: 38/38 MP: 8/12
  3466 | D:3      | Identified the ring of Watoofett {Fly rPois Dex-4 SInv}
  3716 | D:3      | Noticed Natasha
  3805 | D:3      | Reached skill level 4 in Fire Magic
  4370 | D:4      | Found Woiluh's Jewellery Boutique.
  4436 | D:4      | Noticed Ijyb
  4450 | D:4      | Killed Ijyb
  4733 | D:4      | Noticed an ogre
  4785 | D:3      | Learned a level 3 spell: Conjure Flame
  4789 | D:3      | Learned a level 3 spell: Inner Flame
  4849 | D:4      | Reached XP level 6. HP: 45/45 MP: 7/14
  5127 | D:4      | Noticed Robin
  5268 | D:4      | Killed Robin
  5694 | D:5      | Entered Level 5 of the Dungeon
  5764 | D:5      | Found a staircase to the Ecumenical Temple.
  5772 | D:5      | Reached XP level 7. HP: 44/50 MP: 11/16
  5828 | D:5      | Reached skill level 5 in Fire Magic
  5848 | D:5      | Noticed Pikel
  5881 | D:5      | Killed Pikel
  5882 | D:5      | Reached skill level 5 in Conjurations
  6146 | D:5      | Reached skill level 5 in Spellcasting
  6146 | D:5      | Reached XP level 8. HP: 57/57 MP: 13/19
  6306 | D:5      | Reached skill level 6 in Fire Magic
  6772 | D:6      | Learned a level 4 spell: Flame Wave
  7025 | D:6      | Noticed Blork the orc
  7064 | D:6      | Noticed Maggie
  7354 | D:6      | Killed Blork the orc
  7412 | D:6      | Reached skill level 7 in Fire Magic
  7738 | D:6      | Reached XP level 9. HP: 62/62 MP: 18/22
  7870 | D:6      | HP: 3/62 [centaur/arrow (10)]
  7873 | D:6      | Noticed Prince Ribbit
  7878 | D:6      | Slain by an orc

Illustrated notes

Levels and vault maps discovered:
D:1:      lightli_arrival_flooded_house, layout_loops_cross, serial_shops,
          shop_fountains
D:2:      layout_loops_corners, ebering_ecumenical_altar_rust, grunt_decor_cap,
          minmay_misc_feat_pillars, uniq_crazy_yiuf_cottage, uniq_jessica
D:3:      layout_loops_corners, dreamdust_wishing_well, st_stairs_13,
          minmay_misc_feat_square, minmay_pentomino_pile, uniq_natasha
D:4:      kennysheep_the_goblin_king, layout_rooms, serial_shops, shop,
          uniq_robin
D:5:      layout_loops_ring, minmay_temple_entry_overgrown,
          kennysheep_cross_room, uniq_pikel
D:6:      layout_loops_cross, grunt_ministairs_1, minmay_quadrilaterals,
          uniq_prince_ribbit1, uniq_maggie, uniq_blork_the_orc

Skill      XL: |  1  2  3  4  5  6  7  8 |
---------------+-------------------------+-----
Conjurations   | 1 2 3 4 5 6 |  6.6
Spellcasting   | 2 3 4 5 6 |  6.2
Fire Magic     | 3 4 5 7 |  7.1
Dodging        | |  1.7
Stealth        | |  1.7

Action                   |  1- 3 |  4- 6 |  7- 9 || total
-------------------------+-------+-------+-------++-------
Melee: Unarmed           |     7 |       |       ||     7
       Dagger            |     3 |     2 |     3 ||     8
 Cast: Foxfire           |    91 |   133 |    52 ||   276
       Scorch            |     8 |    22 |    41 ||    71
       Conjure Flame     |       |     1 |     2 ||     3
       Flame Wave        |       |       |     2 ||     2
  Use: Scroll            |     3 |    12 |     1 ||    16
       Potion            |       |       |     4 ||     4
Armor: Robe              |    10 |     7 |     3 ||    20
Dodge: Dodged            |    41 |    27 |    30 ||    98

Table legend: (Time is in decaauts)
 A = Elapsed time spent in this place.
 B = Non-inter-level travel time spent in this place.
 C = Inter-level travel time spent in this place.
 D = Time resting spent in this place.
 E = Time spent auto-exploring this place.
 F = Levels seen in this place.
 G = Mean time per level.
                   A        B        C        D        E       F      G
               +--------+--------+--------+--------+--------+-----+--------+
         Total |   7876 |   7704 |    172 |    369 |   6092 |   6 | 1312.7 |
       Dungeon |   7876 |   7704 |    172 |    369 |   6092 |   6 | 1312.7 |
               +--------+--------+--------+--------+--------+-----+--------+

Top non-repeatable levels by time:
     D:1: 1538 daAuts
     D:2: 1433 daAuts
     D:4: 1390 daAuts
     D:3: 1330 daAuts
     D:6: 1111 daAuts
     D:5: 1071 daAuts
